 Dungeon Crawl Stone Soup version 0.26-a0-491-g70697cc071 (webtiles) character file.

Game seed: 8726358400155534076

72 Murumi the Shield-Bearer (level 4, -1/37 HPs)
             Began as a Formicid Fighter on Aug 5, 2020.
             Slain by an orc priest
             ... wielding a +2 short sword of speed
              (2 damage)
             ... on level 3 of the Dungeon.
             The game lasted 00:05:15 (2016 turns).

Murumi the Shield-Bearer (Formicid Fighter)         Turns: 2016, Time: 00:05:16

Health: -1/37      AC:  9    Str: 20    XL:     4   Next: 48%
Magic:  4/4        EV:  8    Int:  8    God:
Gold:   123        SH:  9    Dex: 11    Spells: 3/3 levels left

rFire    . . .     SeeInvis +   a - +1 long sword
rCold    . . .     Faith    .   c - +0 kite shield
rNeg     . . .     Spirit   .   b - +0 scale mail
rPois    .         Reflect  .   (helmet unavailable)
rElec    .         Harm     .   j - +0 cloak
rCorr    .                      l - +0 pair of gloves
MR       .....                  (no boots)
Stlth    ..........             (no amulet)
HPRegen  0.12/turn              k - ring of attention (curse)
MPRegen  0.09/turn              (no ring)

@: no status effects
A: permanent stasis, dig shafts and tunnels, four strong arms, antennae 3
a: Dig, Shaft Self


You were on level 3 of the Dungeon.
You visited 1 branch of the dungeon, and saw 3 of its levels.

You collected 123 gold pieces.

Inventory:

Hand Weapons
 a - a +1 long sword (weapon)
Armour
 b - a +0 scale mail (worn)
 c - a +0 kite shield (worn)
 j - a +0 cloak (worn)
 l - a +0 pair of gloves (worn)
Jewellery
 k - a cursed ring of attention (left hand)
Potions
 d - a potion of might
 e - a potion of cancellation
 f - a potion of brilliance
 g - a potion of mutation
 h - a potion of heal wounds {unknown}
 i - 2 potions of curing


   Skills:
 - Level 4.0 Fighting
 - Level 3.0 Long Blades
 + Level 3.7 Armour
 - Level 1.0 Dodging
 - Level 4.0 Shields


You had 3 spell levels left.
You didn't know any spells.
Your spell library was empty.

Dungeon Overview and Level Annotations

Branches:
Dungeon (3/15)

Altars:


Innate Abilities, Weirdness & Mutations

You cannot be hasted, slowed, berserked, paralysed or teleported.
You can dig through walls and to a lower floor.
Your four strong arms can wield two-handed weapons with a shield.
You have a pair of large antennae on your head. (SInv)


Message History

You dig through the rock wall.
You start resting.
An orc priest is nearby!
You retract your mandibles.
You barely miss the orc priest.
The orc priest hits you with a +2 short sword of speed.
You barely miss the orc priest. You slash the orc!
You kill the orc!
The orc priest closely misses you.
You hit the orc priest.
The orc priest is moderately wounded.
The orc priest calls down the wrath of Beogh upon you.
Beogh smites you!
* * * LOW HITPOINT WARNING * * *
You hit the orc priest.
The orc priest is heavily wounded.
The orc priest hits you with a +2 short sword of speed.
* * * LOW HITPOINT WARNING * * *
The orc priest hits you with a +2 short sword of speed.
You die...

.......[..#.# ..
...........#.# .
...........#.# .#
...........#.##.# ..
...........#....#...
......o....#........
.....o...{{#........
.........{{#@#
####...###o## .
###.# ####.
#.#####'#####..
#..............{
...............
#..............
......#..).....
#.#.#.#..###...


You could see an orc priest.

Vanquished Creatures
  2 adders (D:2)
  3 worms (D:2)
  2 dart slugs (D:1)
  2 leopard geckos (D:1)
  An orc (D:3)
  A giant cockroach (D:2)
  6 goblins
  2 hobgoblins (D:2)
  4 jackals (D:2)
  3 bats
  A frilled lizard (D:2)
  4 kobolds
  9 rats
40 creatures vanquished.

Notes
Turn   | Place    | Note
-------+----------+-------------------------------------------
     0 | D:1      | Murumi the Formicid Fighter began the quest for the Orb.
     0 | D:1      | Reached XP level 1. HP: 18/18 MP: 1/1
    72 | D:1      | Reached skill level 1 in Dodging
    84 | D:1      | Reached XP level 2. HP: 16/24 MP: 2/2
   729 | D:2      | Reached XP level 3. HP: 25/29 MP: 3/3
  1406 | D:2      | Reached XP level 4. HP: 30/37 MP: 4/4
  2016 | D:3      | HP: 1/37 [orc priest/+2 short sword of speed (5)]
  2016 | D:3      | Slain by an orc priest

Illustrated notes

Levels and vault maps discovered:
D:1:      psy_arrival_basics, layout_basic, minmay_misc_feat_secret_circle
D:2:      layout_loops_cross
D:3:      layout_basic, lemuel_crystal_altar, kennysheep_slug_shrine,
          cheibrodos_sewer_entry_drain, uniq_sigmund

Skill      XL: |  1  2  3  4 |
---------------+-------------+-----
Dodging        | 1 |  1.0
Shields        | 4 |  4.0
Long Blades    | 3 |  3.0
Fighting       | 4 |  4.0
Armour         | |  3.7

Action                   |  1- 3 |  4- 6 || total
-------------------------+-------+-------++-------
Melee: Long sword        |   102 |    32 ||   134
 Abil: Dig               |       |     1 ||     1
  Use: Scroll            |     9 |     1 ||    10
Armor: Scale mail        |    36 |     7 ||    43
Dodge: Dodged            |    36 |     6 ||    42
Block: Kite shield       |    45 |    16 ||    61
       Rpst.: Long sword |    12 |     3 ||    15

Table legend: (Time is in decaauts)
 A = Elapsed time spent in this place.
 B = Non-inter-level travel time spent in this place.
 C = Inter-level travel time spent in this place.
 D = Time resting spent in this place.
 E = Time spent auto-exploring this place.
 F = Levels seen in this place.
 G = Mean time per level.
                   A        B        C        D        E       F      G
               +--------+--------+--------+--------+--------+-----+--------+
         Total |   2063 |   1875 |    188 |      2 |   1489 |   3 |  687.7 |
       Dungeon |   2063 |   1875 |    188 |      2 |   1489 |   3 |  687.7 |
               +--------+--------+--------+--------+--------+-----+--------+

Top non-repeatable levels by time:
     D:2: 1213 daAuts
     D:1: 800 daAuts
     D:3: 48 daAuts
